 Dungeon Crawl Stone Soup version 0.27-a0-1555-g0e7b3fb1d2 (webtiles) character file.

Game seed: 2003471891742509441

22382 nyamberluvr69 the Warrior (level 12, -8/125 HPs)
             Began as a Minotaur Berserker on July 15, 2021.
             Was a High Priest of Trog.
             Collided with some lava (13 damage)
             ... caused by a swamp worm
             ... on level 2 of the Lair of Beasts.
             The game lasted 00:18:38 (11943 turns).

nyamberluvr69 the Warrior (Minotaur Berserker)     Turns: 11943, Time: 00:18:39

Health: -8/125     AC: 17    Str: 26    XL:     12   Next: 62%
Magic:  11/11      EV:  7    Int: 10    God:    Trog [*****.]
Gold:   293        SH:  0    Dex: 11    Spells: 11/11 levels left

rFire    . . .     SeeInvis .   p - +3 broad axe (vorpal)
rCold    . . .     Faith    .   (no shield)
rNeg     . . .     Spirit   .   D - +0 plate armour
rPois    .         Reflect  .   E - +2 hat
rElec    .         Harm     .   g - +2 cloak
rCorr    .         Rampage  .   (no gloves)
Will     .....                  z - +0 pair of boots
Stlth    ..........             y - amulet of regeneration
HPRegen  1.30/turn              G - +6 ring of intelligence
MPRegen  0.12/turn              (no ring)

@: lethally poisoned (-8 -> -18)
A: horns 2, retaliatory headbutt
a: Renounce Religion, Berserk, Trog's Hand, Brothers in Arms


You were on level 2 of the Lair of Beasts.
You worshipped Trog.
Trog was extremely pleased with you.
You visited 2 branches of the dungeon, and saw 10 of its levels.
You also visited: Gauntlet.

You collected 593 gold pieces.
You spent 300 gold pieces at shops.

Inventory:

Hand Weapons
 a - a +0 hand axe
 p - a +3 vorpal broad axe (weapon)
 w - a +0 war axe
 F - a +0 battleaxe
Armour
 d - the +1 hat of the Pit {-Tele rN+ SInv}
   (You found it in a Gauntlet)

   rN:        It protects you from negative energy.
   SInv:      It lets you see invisible.
   -Tele:     It prevents most forms of teleportation.
 g - a +2 cloak (worn)
 o - a +0 cloak
 z - a +0 pair of boots (worn)
 D - a +0 plate armour (worn)
 E - a +2 hat (worn)
Jewellery
 y - an amulet of regeneration (around neck)
 G - a +6 ring of intelligence (left hand)
 H - an amulet of guardian spirit
Wands
 l - a wand of acid (34)
 r - a wand of polymorph (9)
 u - a wand of iceblast (14)
 A - a wand of flame (21)
Scrolls
 b - 2 scrolls of torment
 e - 3 scrolls of immolation
 f - 2 scrolls of magic mapping
 m - 2 scrolls of noise
 n - a scroll of silence
 s - a scroll of brand weapon
 B - a scroll of enchant armour
 I - a scroll of identify
Potions
 c - 2 potions of curing
 h - 3 potions of lignification
 i - 5 potions of flight
 j - a potion of ambrosia {unknown}
 k - a potion of degeneration {unknown}
 q - a potion of might {unknown}
 t - 2 potions of haste {unknown}
 v - a potion of heal wounds
 x - a potion of resistance {unknown}
 C - 2 potions of magic {unknown}


   Skills:
 + Level 17.4 Fighting
 + Level 16.7 Axes
 - Level 2.4 Armour
 - Level 2.1 Dodging
 - Level 1.1 Stealth


You had 11 spell levels left.
You didn't know any spells.
Your spell library was empty.

Dungeon Overview and Level Annotations

Branches:
Dungeon (8/15)             Temple (0/1) D:5            Lair (2/6) D:8
Gauntlet (visited)
  Swamp: Lair:2-4    Shoals: Lair:2-4     Snake: Lair:2-4    Spider: Lair:2-4

Altars:
Ashenzari
Cheibriados
Dithmenos

Shops:
D:4 [=*

Annotations:
Lair:2 1 transporter


Innate Abilities, Weirdness & Mutations

You have a pair of horns on your head.
You reflexively headbutt those who attack you in melee.


Message History

You violently stop moving!
* * * LOW HITPOINT WARNING * * *
Okay, then.
Unknown command.
Okay, then.
Unknown command.
Unknown command.
It was a potion of heal wounds.
You feel much better.
The swamp worm fires a harpoon shot at you.
The harpoon shot hits you!
You are yanked forward by the harpoon shot.
You violently stop moving!
The swamp worm fires a harpoon shot at you.
The harpoon shot hits you!
* * * LOW HITPOINT WARNING * * *
You are yanked forward by the harpoon shot.
You violently stop moving!
* * * LOW HITPOINT WARNING * * *
The swamp worm fires a harpoon shot at you.
The harpoon shot hits you.
* * * LOW HITPOINT WARNING * * *
You are yanked forward by the harpoon shot.
You violently stop moving!
* * * LOW HITPOINT WARNING * * *
You feel much better.
You are engulfed in dark miasma.
You are poisoned.
* * * LOW HITPOINT WARNING * * *
You feel very sick.
You feel better.
You are engulfed in dark miasma.
You are poisoned.
* * * LOW HITPOINT WARNING * * *
x2 You feel very sick.
The swamp worm fires a harpoon shot at you.
The harpoon shot misses you.
The swamp worm fires a harpoon shot at you.
The harpoon shot hits you!
* * * LOW HITPOINT WARNING * * *
You are yanked forward by the harpoon shot.
You violently stop moving!
You die...

.................©...............
...............#####...........†.
...............#=©[#.............
...............#((!#........>....
....###......####+####...........
##.###.......#w≈P○P≈##†..........
#.+. #.......##≈P^P≈w#...........
.+...##......#w≈P^°###...........
##...........###@^P§w#...........
#######......#w≈P^P§##...........
#..##P#......##≈P^P§w#...........
P.##.........#♣≈P^.≈##...........
.............###P©P###...........
...............#####.............
.................©...............
#..###...........................
..#.##.......##..###......#.#..#.


You could see 5 swamp worms.

Vanquished Creatures
  Gastronok (D:8)
  A minotaur (Gauntlet)
  A great orb of eyes (Gauntlet)
  A catoblepas (Lair:2)
  2 thrashing horrors (Gauntlet)
  2 ugly things (Gauntlet)
  6 elephants (Lair:2)
  3 torpor snails (Lair:2)
  2 black mambas (Lair:2)
  3 cane toads (Lair:2)
  2 rime drakes
  5 komodo dragons
  Prince Ribbit (D:6)
  4 dream sheep (Lair:2)
  A wyvern (Lair:2)
  15 yaks
  A basilisk (Lair:2)
  Menkaure (D:5)
  2 wargs (Lair:1)
  10 water moccasins
  3 orc warriors
  An ice beast (D:5)
  A black bear (D:7)
  20 wolves (Lair:1)
  2 phantoms
  A kobold brigand (D:8)
  2 small abominations (Gauntlet)
  9 bullfrogs
  2 scorpions
  A water moccasin zombie (D:6)
  2 wyvern skeletons
  3 water moccasin skeletons
  4 wights (D:5)
  4 killer bees (D:7)
  A vampire bat (D:8)
  A jelly (D:8)
  3 orc priests
  4 hounds
  A centaur skeleton (D:7)
  7 iguanas
  6 orc wizards
  Robin (D:3)
  A howler monkey zombie (D:8)
  12 gnolls
  8 adders
  A howler monkey skeleton (D:7)
  2 shadow imps (D:7)
  A white imp (D:5)
  A worm (D:2)
  4 dart slugs
  17 orcs
  8 ball pythons
  9 bats
  7 endoplasms
  14 giant cockroaches
  10 goblins
  15 hobgoblins
  7 jackals
  3 quokkas
  9 frilled lizards
  11 kobolds
  9 rats
292 creatures vanquished.

Vanquished Creatures (collateral kills)
  5 elephants (Lair:2)
5 creatures vanquished.

Vanquished Creatures (others)
  A briar patch (Lair:2)
  14 demonic plants (Gauntlet)
  10 fungi
  13 plants
38 creatures vanquished.

Grand Total: 335 creatures vanquished

Notes
Turn   | Place    | Note
-------+----------+-------------------------------------------
     0 | D:1      | nyamberluvr69 the Minotaur Berserker began the quest for
                  | the Orb.
     0 | D:1      | Reached XP level 1. HP: 19/19 MP: 0/0
   268 | D:1      | Reached skill level 4 in Fighting
   268 | D:1      | Reached XP level 2. HP: 24/27 MP: 1/1
   477 | D:1      | Reached XP level 3. HP: 30/34 MP: 2/2
   727 | D:1      | Found a faded altar of an unknown god.
   746 | D:1      | Reached ** piety under Trog
  1331 | D:2      | Reached skill level 5 in Axes
  1331 | D:2      | Reached XP level 4. HP: 41/41 MP: 3/3
  1450 | D:2      | Reached skill level 5 in Fighting
  1506 | D:2      | Reached *** piety under Trog
  1894 | D:3      | Reached XP level 5. HP: 48/48 MP: 4/4
  1899 | D:3      | Noticed Robin
  2076 | D:3      | Killed Robin
  2096 | D:3      | Reached **** piety under Trog
  2548 | D:3      | Reached XP level 6. HP: 50/56 MP: 5/5
  2624 | D:3      | Found a shadowy altar of Dithmenos.
  2854 | D:4      | Found Pididu Atimn's Assorted Antiques.
  2865 | D:4      | Reached skill level 6 in Fighting
  2870 | D:4      | Reached skill level 1 in Stealth
  2962 | D:4      | Found Baob's Antique Armour Shop.
  3007 | D:4      | Found Ymenguof's Jewellery Boutique.
  3030 | D:4      | Reached XP level 7. HP: 34/64 MP: 6/6
  3578 | D:5      | Entered Level 5 of the Dungeon
  3624 | D:5      | You fall into a shaft and drop 3 floors!
  3637 | D:8      | Noticed Gastronok
  3819 | D:5      | Noticed Menkaure
  3824 | D:5      | Killed Menkaure
  3825 | D:5      | Reached skill level 7 in Fighting
  3929 | D:5      | Reached XP level 8. HP: 68/73 MP: 7/7
  4155 | D:5      | Reached skill level 8 in Fighting
  4683 | D:5      | Found a staircase to the Ecumenical Temple.
  4890 | D:5      | You fall into a shaft and drop 3 floors!
  4968 | D:7      | Reached skill level 10 in Axes
  5012 | D:6      | Reached skill level 9 in Fighting
  5408 | D:6      | Noticed Prince Ribbit
  5424 | D:6      | Killed Prince Ribbit
  5666 | D:6      | Found a broken altar of Ashenzari.
  5809 | D:6      | Reached ***** piety under Trog
  6051 | D:7      | Reached skill level 10 in Fighting
  6060 | D:7      | Reached XP level 9. HP: 85/85 MP: 8/8
  6162 | D:7      | Received a gift from Trog
  6636 | D:7      | Reached skill level 11 in Fighting
  7325 | D:8      | Killed Gastronok
  7326 | D:8      | Reached skill level 13 in Fighting
  7326 | D:8      | Reached XP level 10. HP: 101/101 MP: 9/9
  7665 | D:8      | Found a staircase to the Lair.
  8084 | Lair:1   | Entered Level 1 of the Lair of Beasts
  8114 | Lair:1   | Found a gate leading to a gauntlet.
  8143 | Gauntlet | Entered a Gauntlet
  8143 | Gauntlet | Noticed a wizard
  8143 | Gauntlet | Noticed a wizard
  8143 | Gauntlet | Found a transporter.
  8172 | Gauntlet | Noticed a large abomination
  8264 | Gauntlet | Found a transporter.
  8278 | Gauntlet | Found a transporter.
  8282 | Gauntlet | Found a transporter.
  8292 | Gauntlet | Found a transporter.
  8313 | Gauntlet | Found a transporter.
  8318 | Gauntlet | Found a transporter.
  8322 | Gauntlet | Found a transporter.
  8322 | Gauntlet | Noticed a cyan ugly thing
  8322 | Gauntlet | Noticed a brown ugly thing
  8326 | Gauntlet | Noticed a glowing orange brain
  8347 | Gauntlet | Noticed a thrashing horror
  8356 | Gauntlet | Found a transporter.
  8356 | Gauntlet | Found a transporter.
  8356 | Gauntlet | Noticed a thrashing horror
  8363 | Gauntlet | Noticed a green ugly thing
  8363 | Gauntlet | Noticed a brown ugly thing
  8363 | Gauntlet | Noticed a great orb of eyes
  8365 | Gauntlet | Found a transporter.
  8404 | Gauntlet | Found a transporter.
  8519 | Gauntlet | Killed a green ugly thing
  8524 | Gauntlet | Killed a brown ugly thing
  8525 | Gauntlet | Reached skill level 14 in Fighting
  8527 | Gauntlet | Killed a great orb of eyes
  8533 | Gauntlet | Identified the +1 hat of the Pit {-Tele rN+ SInv}
  8562 | Gauntlet | Killed a thrashing horror
  8563 | Gauntlet | Reached XP level 11. HP: 111/111 MP: 10/10
  8569 | Gauntlet | Killed a thrashing horror
  8584 | Gauntlet | Identified the +5 helmet of Inanusk {rC++ Regen+ Int+4}
  8665 | Gauntlet | Noticed a minotaur
  8674 | Gauntlet | Killed a minotaur
  8923 | Lair:1   | Reached skill level 15 in Fighting
  9278 | Lair:1   | Identified the +1 short sword of the Omega Point {pain,
                  | rPois rN+ Str+5 Int-5}
  9827 | Lair:1   | Reached skill level 15 in Axes
 10207 | Lair:2   | Reached skill level 16 in Fighting
 10223 | Lair:2   | Reached XP level 12. HP: 63/122 MP: 6/11
 10721 | Lair:2   | Noticed a catoblepas
 10736 | Lair:2   | Killed a catoblepas
 10747 | Lair:2   | Found a transporter.
 10885 | Lair:2   | Identified a scroll of acquirement
 10887 | Lair:2   | Acquired a +2 vorpal broad axe
 11010 | Lair:2   | Reached skill level 17 in Fighting
 11358 | D:4      | Bought an amulet of regeneration for 300 gold pieces
 11638 | Lair:2   | Found a snail-covered altar of Cheibriados.
 11914 | Lair:2   | Found a transporter.
 11943 | Lair:2   | HP: 5/125 [swamp worm/harpoon shot (10)]
 11943 | Lair:2   | Collided with some lava

Illustrated notes

Levels and vault maps discovered:
D:1:      eino_arrival_druids_welcome, layout_loops_ring,
          shapermc_ecumenical_altar_mp_highgroup, minmay_misc_feat_diagonals
D:2:      minmay_roachtagon, layout_basic, minmay_misc_feat_x
D:3:      layout_rooms, grunt_dithmenos_smoke, uniq_robin
D:4:      layout_cave_pools, serial_shops, shop_statue, nicolae_shop_waterfront,
          nicolae_stop_n_shop_1
D:5:      layout_basic, minmay_temple_entry_tees, uniq_menkaure
D:6:      layout_loops_ring, nicolae_ashenzari_panopticon, uniq_prince_ribbit1
D:7:      layout_loops_corners, corexii_hall_statues_s
D:8:      layout_cave_pools, grunt_lair_entry_orc_guard_hut, roderic_batcave,
          uniq_gastronok
Lair:1:   beast_lair_carwin_large_2, layout_cellular_growth,
          gauntlet_entry_generic, chequers_serial_rivers_room_a,
          lemuel_fruit_tree
Lair:2:   gammafunk_worm_tunnel, layout_regular_city, kennysheep_snail_temple,
          infiniplex_staircase_pool_2

Skill      XL: |  1  2  3  4  5  6  7  8  9 10 11 12 |
---------------+-------------------------------------+-----
Axes           | 4 5 6 8 9 10 12 13 15 16 | 16.7
Fighting       | 4 5 6 7 10 13 14 16 17 | 17.4
Stealth        | 1 |  1.1
Armour         | |  2.4
Dodging        | |  2.1

Action                   |  1- 3 |  4- 6 |  7- 9 | 10-12 || total
-------------------------+-------+-------+-------+-------++-------
Melee: Hand axe          |    89 |   121 |    71 |       ||   281
       Headbutt          |    11 |    19 |    34 |    72 ||   136
       War axe           |       |       |   139 |    38 ||   177
       Battleaxe         |       |       |       |   184 ||   184
       Broad axe         |       |       |       |    58 ||    58
Invok: Berserk           |     1 |     5 |     9 |     9 ||    24
       Trog's Hand       |       |       |     1 |     3 ||     4
       Brothers in Arms  |       |       |       |     1 ||     1
Evoke: Wand              |       |       |       |     1 ||     1
  Use: Potion            |       |       |     2 |     3 ||     5
       Scroll            |       |       |       |    19 ||    19
Armor: Animal skin       |    23 |       |       |       ||    23
       Scale mail        |       |    25 |       |       ||    25
       Chain mail        |       |    28 |    64 |       ||    92
       Plate armour      |       |       |    32 |   194 ||   226
       Skin              |       |       |     2 |       ||     2
Dodge: Dodged            |    49 |    50 |    67 |    96 ||   262

Table legend: (Time is in decaauts)
 A = Elapsed time spent in this place.
 B = Non-inter-level travel time spent in this place.
 C = Inter-level travel time spent in this place.
 D = Time resting spent in this place.
 E = Time spent auto-exploring this place.
 F = Levels seen in this place.
 G = Mean time per level.
                   A        B        C        D        E       F      G
               +--------+--------+--------+--------+--------+-----+--------+
         Total |  12109 |  11495 |    614 |   2294 |   7480 |  11 | 1100.8 |
       Dungeon |   8428 |   7945 |    483 |   1435 |   5486 |   8 | 1053.5 |
          Lair |   2909 |   2778 |    131 |    818 |   1456 |   2 | 1454.5 |
      Gauntlet |    771 |    771 |      0 |     40 |    537 |   1 |  771.0 |
               +--------+--------+--------+--------+--------+-----+--------+

Top non-repeatable levels by time:
  Lair:1: 1764 daAuts
     D:7: 1426 daAuts
     D:5: 1371 daAuts
  Lair:2: 1144 daAuts
     D:2: 1042 daAuts
     D:1: 1029 daAuts
     D:6: 1008 daAuts
     D:8: 958 daAuts
     D:4: 840 daAuts
Gauntlet: 771 daAuts
     D:3: 752 daAuts
